[Event "Carnaval"]
[Site "Quebec CAN"]
[Date "2026.02.20"]
[Round "1"]
[White "Alcantara, Maximo"]
[Black "Sambuev, Bator"]
[Result "0-1"]
[ECO "C77"]
[WhiteElo "1941"]
[BlackElo "2536"]
[WhiteFideId "-1"]
[BlackFideId "-1"]
[PlyCount "60"]
[GameId "2286552147746826"]
[EventDate "2026.02.20"]
[EventType "swiss"]
[EventRounds "5"]
[EventCountry "CAN"]
[TimeControl "5400+30"]

1. e4 e5 2. Nf3 Nc6 3. Bb5 a6 4. Ba4 Nf6 5. d3 d6 6. c3 g6 7. O-O Bg7 8. Re1 O-O 9. Bxc6 bxc6 10. d4 Nd7 11. Nbd2 exd4 12. cxd4 c5 13. d5 Nb6 14. Nf1 a5 15. Ne3 a4 16. Rb1 Re8 17. Qc2 Qe7 18. Nc4 Nxd5 19. Bg5 Nb4 20. Qd2 Qe6 21. b3 axb3 22. axb3 Bb7 23. Bh6 Ra2 24. Qg5 f6 25. Qh4 g5 26. Qh5 Nd3 27. Bxg7 Kxg7 28. g3 Nxe1 29. Rxe1 Qf7 30. Qg4 Bc8 0-1

[Event "Carnaval"]
[Site "Quebec CAN"]
[Date "2026.02.20"]
[Round "1"]
[White "Song, Julien"]
[Black "Belanger, Mathieu-Olivier"]
[Result "1-0"]
[ECO "E61"]
[WhiteElo "2458"]
[BlackElo "1920"]
[WhiteFideId "-1"]
[BlackFideId "-1"]
[PlyCount "124"]
[GameId "2286552151322635"]
[EventDate "2026.02.20"]
[EventType "swiss"]
[EventRounds "5"]
[EventCountry "CAN"]
[TimeControl "5400+30"]

1. d4 Nf6 2. c4 g6 3. Nf3 Bg7 4. e3 d6 5. Be2 O-O 6. Nc3 Nbd7 7. O-O e5 8. b4 Ne8 9. Bb2 f5 10. a4 c6 11. Qb3 Nef6 12. dxe5 Nxe5 13. c5+ Kh8 14. cxd6 Nxf3+ 15. Bxf3 Qxd6 16. Rfd1 Qe7 17. b5 Be6 18. Qa3 Qxa3 19. Bxa3 Rfd8 20. bxc6 bxc6 21. Rac1 Nd5 22. Nxd5 Bxd5 23. Bxd5 Rxd5 24. Rxd5 cxd5 25. Rd1 Rd8 26. Bc5 Rd7 27. Kf1 Kg8 28. Ke2 Kf7 29. Kd3 Ke6 30. Rb1 Rc7 31. Rb5 Be5 32. Ra5 Bd6 33. Bxa7 Bb4 34. Ra6+ Kd7 35. Bd4 Rc1 36. Ra7+ Rc7 37. Ra8 Rc8 38. Rxc8 Kxc8 39. Bb6 Kb7 40. a5 Kc6 41. Kd4 Bd6 42. h3 g5 43. f3 Bg3 44. Bd8 h6 45. Bb6 Bd6 46. g4 fxg4 47. fxg4 Bg3 48. e4 Bf2+ 49. Kd3 Bg3 50. exd5+ Kxd5 51. a6 Bb8 52. a7 Bxa7 53. Bxa7 Ke6 54. Ke4 Kf6 55. Bd4+ Kg6 56. Ke5 h5 57. Ke6 hxg4 58. hxg4 Kh7 59. Kf5 Kh6 60. Kf6 Kh7 61. Kxg5 Kg8 62. Kg6 Kf8 1-0

[Event "Carnaval"]
[Site "Quebec CAN"]
[Date "2026.02.20"]
[Round "1"]
[White "Drolet, Stephane"]
[Black "Chiku-Ratte, Olivier-Kenta"]
[Result "0-1"]
[ECO "D38"]
[WhiteElo "1896"]
[BlackElo "2404"]
[WhiteFideId "-1"]
[BlackFideId "-1"]
[PlyCount "90"]
[GameId "2286552151334924"]
[EventDate "2026.02.20"]
[EventType "swiss"]
[EventRounds "5"]
[EventCountry "CAN"]
[TimeControl "5400+30"]

1. Nf3 Nf6 2. c4 e6 3. Nc3 d5 4. d4 Bb4 5. Qa4+ Nc6 6. e3 O-O 7. Bd2 a6 8. Qc2 Bd6 9. c5 Be7 10. Rb1 e5 11. Nxe5 Nxe5 12. dxe5 Ng4 13. Ne2 Nxe5 14. Nd4 Bg4 15. f4 Bh4+ 16. g3 Nf3+ 17. Kf2 Nxd2 18. Qxd2 Bf6 19. h3 Bd7 20. Bg2 c6 21. b4 Re8 22. Rhe1 Qc8 23. h4 Bh3 24. Bf3 Bg4 25. Bg2 Bh5 26. Rh1 Bg6 27. Rb3 Be4 28. Bh3 Qd8 29. Rh2 Qe7 30. Bg4 a5 31. a3 axb4 32. axb4 Ra1 33. h5 Rea8 34. Rb2 R1a3 35. Be2 h6 36. Bf1 Bh7 37. Rh1 Be4 38. Rg1 Qd7 39. b5 Qg4 40. Qe2 Bxd4 41. Qxg4 Bxe3+ 42. Ke2 Bxg1 43. bxc6 Bf3+ 44. Qxf3 Re8+ 45. Kd2 Rxf3 0-1

[Event "Carnaval"]
[Site "Quebec CAN"]
[Date "2026.02.20"]
[Round "1"]
[White "Latorre, Vincent"]
[Black "Vaillant, Charles-Etienne"]
[Result "1-0"]
[ECO "B45"]
[WhiteElo "2383"]
[BlackElo "1863"]
[WhiteFideId "-1"]
[BlackFideId "-1"]
[PlyCount "107"]
[GameId "2286552151347213"]
[EventDate "2026.02.20"]
[EventType "swiss"]
[EventRounds "5"]
[EventCountry "CAN"]
[TimeControl "5400+30"]

1. e4 c5 2. Nf3 e6 3. d4 cxd4 4. Nxd4 Nf6 5. Nc3 Nc6 6. Ndb5 Bc5 7. Bf4 O-O 8. Bc7 Qe7 9. Bd6 Bxd6 10. Qxd6 Qd8 11. O-O-O a6 12. Nd4 Ne7 13. e5 Ne8 14. Qa3 Ng6 15. f4 Nxf4 16. h4 f6 17. exf6 Qxf6 18. g3 Nh5 19. Ne4 Qe5 20. Bg2 d5 21. Nc5 Qxg3 22. Ncxe6 Qxa3 23. bxa3 Rf2 24. Bxd5 Kh8 25. Rhe1 Nef6 26. Bb3 Bxe6 27. Nxe6 Nf4 28. Nd8 b5 29. Re7 h6 30. Rf7 Rc8 31. Kb2 Rh2 32. Rf8+ Kh7 33. Ne6 Rxf8 34. Nxf8+ Kh8 35. Rd8 g5 36. hxg5 hxg5 37. Ne6+ Kh7 38. Nxg5+ Kg6 39. Ne6 Nxe6 40. Bxe6 Re2 41. Bc8 a5 42. Ba6 Re5 43. Rb8 b4 44. axb4 axb4 45. Bd3+ Kf7 46. Rxb4 Ke7 47. a4 Nd7 48. Bb5 Re3 49. a5 Re6 50. a6 Nb6 51. Bf1 Rd6 52. a7 Na8 53. Bg2 Rd8 54. Rb8 1-0

[Event "Carnaval"]
[Site "Quebec CAN"]
[Date "2026.02.20"]
[Round "1"]
[White "Audouze, Oscar"]
[Black "Rainfray, Arnaud"]
[Result "0-1"]
[ECO "D31"]
[WhiteElo "1844"]
[BlackElo "2336"]
[WhiteFideId "-1"]
[BlackFideId "-1"]
[PlyCount "66"]
[GameId "2286552151355406"]
[EventDate "2026.02.20"]
[EventType "swiss"]
[EventRounds "5"]
[EventCountry "CAN"]
[TimeControl "5400+30"]

1. d4 d5 2. c4 e6 3. Nc3 Bb4 4. cxd5 exd5 5. a3 Bxc3+ 6. bxc3 Ne7 7. Nf3 O-O 8. Bf4 Ng6 9. Bd2 Nd7 10. e3 Re8 11. Be2 c5 12. c4 dxc4 13. Bxc4 cxd4 14. Nxd4 Nde5 15. Be2 Qd5 16. O-O Nh4 17. f3 Nc4 18. Qa4 b5 19. Nxb5 Qxd2 20. Qxc4 Ba6 21. e4 Red8 22. Rad1 Qe3+ 23. Kh1 h6 24. Rd3 Qg5 25. g3 Ng6 26. f4 Qe7 27. e5 Rdc8 28. Qb3 Rab8 29. a4 Bb7+ 30. Bf3 a6 31. Qa3 axb5 32. Qxe7 Bxf3+ 33. Rfxf3 Nxe7 0-1

[Event "Carnaval"]
[Site "Quebec CAN"]
[Date "2026.02.20"]
[Round "1"]
[White "Adam, Rafael"]
[Black "Dube, Daniel"]
[Result "1-0"]
[ECO "E66"]
[WhiteElo "2304"]
[BlackElo "1840"]
[WhiteFideId "-1"]
[BlackFideId "-1"]
[PlyCount "42"]
[GameId "2286552151355407"]
[EventDate "2026.02.20"]
[EventType "swiss"]
[EventRounds "5"]
[EventCountry "CAN"]
[TimeControl "5400+30"]

1. d4 d6 2. Nf3 Nf6 3. c4 g6 4. g3 Bg7 5. Bg2 O-O 6. Nc3 Nc6 7. d5 Na5 8. b3 c5 9. Bb2 a6 10. O-O Rb8 11. Nd2 b5 12. Qc2 e6 13. e4 exd5 14. cxd5 Nd7 15. Rae1 Nb6 16. Nd1 Bxb2 17. Nxb2 b4 18. f4 f5 19. e5 Nb7 20. Ndc4 Nd7 21. e6 Nf6 1-0

[Event "Carnaval"]
[Site "Quebec CAN"]
[Date "2026.02.20"]
[Round "1"]
[White "Wu, Ting En Ryan"]
[Black "Duong, Thanh Nha"]
[Result "1/2-1/2"]
[ECO "C42"]
[WhiteElo "1839"]
[BlackElo "2303"]
[WhiteFideId "-1"]
[BlackFideId "-1"]
[PlyCount "77"]
[GameId "2286552151363600"]
[EventDate "2026.02.20"]
[EventType "swiss"]
[EventRounds "5"]
[EventCountry "CAN"]
[TimeControl "5400+30"]

1. e4 e5 2. Nf3 Nf6 3. Nc3 Bb4 4. Bc4 O-O 5. O-O d6 6. Re1 Bg4 7. h3 Bh5 8. a3 Ba5 9. b4 Bb6 10. d3 c6 11. g4 Bg6 12. Bg5 Nbd7 13. Qd2 Qc7 14. Bb3 a5 15. Na4 Ba7 16. bxa5 d5 17. Nh4 dxe4 18. Nxg6 hxg6 19. dxe4 Rfd8 20. Qb4 Nf8 21. Nb6 Rab8 22. Qc5 Rd4 23. Bf4 Re8 24. Qxd4 exf4 25. e5 N6d7 26. Qd6 Qd8 27. e6 fxe6 28. Rxe6 Kh7 29. Rxe8 Qxe8 30. Qxf4 Bb8 31. Qg5 Kh8 32. Qh4+ Nh7 33. Nxd7 Qxd7 34. Re1 Bd6 35. Be6 Qe8 36. f3 Qf8 37. Kg2 Qf4 38. Qd8+ Nf8 39. Qh4+ 1/2-1/2

[Event "Carnaval"]
[Site "Quebec CAN"]
[Date "2026.02.20"]
[Round "1"]
[White "Wiebe, Isaac"]
[Black "Zhang, Yitian"]
[Result "1-0"]
[ECO "D12"]
[WhiteElo "2248"]
[BlackElo "1828"]
[WhiteFideId "-1"]
[BlackFideId "-1"]
[PlyCount "45"]
[GameId "2286552151371793"]
[EventDate "2026.02.20"]
[EventType "swiss"]
[EventRounds "5"]
[EventCountry "CAN"]
[TimeControl "5400+30"]

1. Nf3 d5 2. e3 Nf6 3. c4 c6 4. Nc3 Bf5 5. cxd5 Nxd5 6. d4 e6 7. Bc4 Bd6 8. O-O O-O 9. Qe2 Nxc3 10. bxc3 Nd7 11. e4 Bg6 12. Bg5 Qa5 13. e5 Ba3 14. Qd2 b5 15. Bb3 Be4 16. Rae1 Bd5 17. Re3 Nb6 18. Bc2 Nc4 19. Qd3 g6 20. Bf6 c5 21. Ng5 cxd4 22. Rh3 h5 23. Rxh5 1-0

[Event "Carnaval"]
[Site "Quebec CAN"]
[Date "2026.02.20"]
[Round "1"]
[White "Chua, Zachary"]
[Black "Berube, Antoine"]
[Result "1-0"]
[ECO "D00"]
[WhiteElo "1971"]
[BlackElo "2214"]
[WhiteFideId "-1"]
[BlackFideId "-1"]
[PlyCount "99"]
[GameId "2286552151379986"]
[EventDate "2026.02.20"]
[EventType "swiss"]
[EventRounds "5"]
[EventCountry "CAN"]
[TimeControl "5400+30"]

1. d4 d5 2. Bf4 c5 3. dxc5 Nc6 4. e4 dxe4 5. Qxd8+ Kxd8 6. Nc3 e5 7. Bg5+ f6 8. O-O-O+ Bd7 9. Be3 f5 10. g3 Nf6 11. Bh3 Nd4 12. Nge2 Nxe2+ 13. Nxe2 Kc7 14. Nc3 Be6 15. Nb5+ Kc6 16. Nd6 Nd5 17. Nxe4 Nxe3 18. fxe3 fxe4 19. Bxe6 Bxc5 20. Bd5+ Kc7 21. Kd2 Raf8 22. Rhf1 b5 23. Bxe4 g6 24. Ke2 Rxf1 25. Rxf1 Rf8 26. Rh1 Rf7 27. h4 a5 28. h5 g5 29. Rd1 h6 30. Rd5 Kb6 31. Rd8 b4 32. Rh8 Bf8 33. b3 Kc5 34. Bg6 Rf6 35. Rh7 g4 36. Be4 a4 37. Rc7+ Kd6 38. Rc6+ Ke7 39. Rxf6 Kxf6 40. bxa4 Bc5 41. Bg6 Bb6 42. Kd3 Ke6 43. e4 Kf6 44. Kc4 Bf2 45. Kxb4 Bxg3 46. Bf5 Be1+ 47. Kb5 g3 48. Bh3 Kg5 49. a5 Bf2 50. c4 1-0

[Event "Carnaval"]
[Site "Quebec CAN"]
[Date "2026.02.20"]
[Round "1"]
[White "Gutierrez, Renzo"]
[Black "Cassista, Jeremie"]
[Result "0-1"]
[ECO "D12"]
[WhiteElo "2206"]
[BlackElo "1814"]
[WhiteFideId "-1"]
[BlackFideId "-1"]
[PlyCount "98"]
[GameId "2286552151384083"]
[EventDate "2026.02.20"]
[EventType "swiss"]
[EventRounds "5"]
[EventCountry "CAN"]
[TimeControl "5400+30"]

1. d4 d5 2. c4 c6 3. Nf3 Nf6 4. e3 Bf5 5. Nc3 e6 6. Bd3 Bxd3 7. Qxd3 Bd6 8. O-O O-O 9. Rd1 Re8 10. e4 dxe4 11. Nxe4 Nxe4 12. Qxe4 h6 13. Be3 Nd7 14. Ne5 Qe7 15. f4 Rad8 16. Rd3 f5 17. Qf3 Bxe5 18. fxe5 Nxe5 19. dxe5 Rxd3 20. Qe2 Red8 21. Bxa7 Qh4 22. Bb6 R8d7 23. b3 Rd2 24. Qf1 Qe4 25. Re1 Qc2 26. Bc5 R7d3 27. h3 Qxa2 28. Be3 Qxb3 29. Bxd2 Rxd2 30. Kh2 Qc3 31. Kh1 Rc2 32. Rb1 c5 33. Qf3 Rc1+ 34. Rxc1 Qxc1+ 35. Kh2 Qxc4 36. Qxb7 Qf4+ 37. Kg1 Qxe5 38. Kf2 Kh7 39. g3 Qd4+ 40. Kf1 c4 41. Qc8 Qd3+ 42. Kf2 e5 43. h4 c3 44. h5 f4 45. g4 c2 46. Kg2 Qe4+ 47. Kf2 f3 48. Kg3 Qf4+ 49. Kh3 c1=Q 0-1

[Event "Carnaval"]
[Site "Quebec CAN"]
[Date "2026.02.20"]
[Round "1"]
[White "Tremblay, Rejean"]
[Black "Potvin, Alain-Nicolas"]
[Result "1-0"]
[ECO "E92"]
[WhiteElo "2132"]
[BlackElo "1717"]
[WhiteFideId "-1"]
[BlackFideId "-1"]
[PlyCount "73"]
[GameId "2286552151388180"]
[EventDate "2026.02.20"]
[EventType "swiss"]
[EventRounds "5"]
[EventCountry "CAN"]
[TimeControl "5400+30"]

1. d4 Nf6 2. c4 g6 3. Nc3 Bg7 4. e4 d6 5. Be2 O-O 6. Nf3 e5 7. dxe5 dxe5 8. Qxd8 Rxd8 9. Bg5 c6 10. Nxe5 Re8 11. O-O-O Na6 12. f4 Be6 13. Rhf1 Nc5 14. f5 Nfxe4 15. fxe6 Rxe6 16. Nxe4 Nxe4 17. Nxf7 Nxg5 18. Nxg5 Rxe2 19. Rd7 Bxb2+ 20. Kb1 Rae8 21. Rxb7 Bd4 22. Nxh7 Re1+ 23. Rxe1 Rxe1+ 24. Kc2 Bg7 25. Ng5 Re2+ 26. Kd3 Rxg2 27. Rb8+ Bf8 28. Ne6 Kf7 29. Nxf8 Rxa2 30. Nd7 Rxh2 31. Ne5+ Ke6 32. Nxc6 Ra2 33. Nd4+ Kd6 34. Rd8+ Kc5 35. Rd5+ Kb6 36. c5+ Kc7 37. Rg5 1-0

[Event "Carnaval"]
[Site "Quebec CAN"]
[Date "2026.02.20"]
[Round "1"]
[White "Savard, Alexandre"]
[Black "Saine, Zachary"]
[Result "1-0"]
[ECO "D00"]
[WhiteElo "1774"]
[BlackElo "2133"]
[WhiteFideId "-1"]
[BlackFideId "-1"]
[PlyCount "57"]
[GameId "2286552151494677"]
[EventDate "2026.02.20"]
[EventType "swiss"]
[EventRounds "5"]
[EventCountry "CAN"]
[TimeControl "5400+30"]

1. d4 d5 2. Nc3 Nf6 3. Bf4 e6 4. Nb5 Na6 5. e3 c6 6. Nc3 Qb6 7. a3 Bd7 8. Nf3 c5 9. Rb1 Be7 10. Ne5 O-O 11. Nxd7 Nxd7 12. Bb5 Rfd8 13. O-O Bf6 14. Qe2 Qa5 15. b4 cxb4 16. axb4 Nxb4 17. Ra1 Qb6 18. Na4 Qa5 19. Nc5 Qxa1 20. Rxa1 Nxc5 21. Rb1 a6 22. Rxb4 axb5 23. Qxb5 Ra1+ 24. Rb1 Rda8 25. h3 R1a5 26. Qb4 Na4 27. Qxb7 Nc3 28. Bb8 h5 29. Qc8+ 1-0

[Event "Carnaval"]
[Site "Quebec CAN"]
[Date "2026.02.20"]
[Round "1"]
[White "Genest, Jean-Philippe"]
[Black "Di Matteo, Alessio"]
[Result "0-1"]
[ECO "A05"]
[WhiteElo "1694"]
[BlackElo "2048"]
[WhiteFideId "-1"]
[BlackFideId "-1"]
[PlyCount "76"]
[GameId "2286552151502870"]
[EventDate "2026.02.20"]
[EventType "swiss"]
[EventRounds "5"]
[EventCountry "CAN"]
[TimeControl "5400+30"]

1. Nf3 Nf6 2. g3 b5 3. Bg2 Bb7 4. O-O c5 5. d4 cxd4 6. Nxd4 Bxg2 7. Kxg2 Qc7 8. Qd3 a6 9. e4 Nc6 10. Nc3 e6 11. a3 Rc8 12. Be3 Qb7 13. Nb3 Ng4 14. Qe2 h5 15. Rad1 Nge5 16. h4 Nc4 17. Bc1 N6e5 18. f4 Ng4 19. Qf3 Be7 20. e5 Nce3+ 21. Bxe3 Nxe3+ 22. Kf2 Qxf3+ 23. Kxf3 Nxd1 24. Rxd1 f6 25. Nd4 fxe5 26. fxe5 Rf8+ 27. Ke2 Bc5 28. Ne4 Be7 29. c3 Rb8 30. Ke3 a5 31. Rc1 Kd8 32. Nb3 Rf5 33. Kd4 a4 34. Nbd2 Rc8 35. Rg1 g5 36. hxg5 Bxg5 37. Nxg5 Rxg5 38. Ne4 Rc4+ 0-1

[Event "Carnaval"]
[Site "Quebec CAN"]
[Date "2026.02.20"]
[Round "1"]
[White "Drolet, Louis-Charles"]
[Black "Huynh, Nhu Phuong Nghi"]
[Result "1-0"]
[ECO "E98"]
[WhiteElo "1992"]
[BlackElo "1656"]
[WhiteFideId "-1"]
[BlackFideId "-1"]
[PlyCount "73"]
[GameId "2286552151502871"]
[EventDate "2026.02.20"]
[EventType "swiss"]
[EventRounds "5"]
[EventCountry "CAN"]
[TimeControl "5400+30"]

1. d4 Nf6 2. c4 g6 3. Nc3 Bg7 4. e4 d6 5. Nf3 O-O 6. Be2 e5 7. O-O Nc6 8. d5 Ne7 9. Ne1 Nd7 10. Be3 a5 11. Nd3 f5 12. f3 f4 13. Bf2 g5 14. c5 Rf6 15. Rc1 Rh6 16. Nb5 Qe8 17. g4 fxg3 18. Bxg3 Rb8 19. Nxc7 Qg6 20. Ne6 Nxc5 21. Rxc5 Bxe6 22. Rc7 Bh3 23. Rxe7 Bxf1 24. Bxf1 Qf6 25. Rc7 Rg6 26. Bh3 g4 27. Bxg4 Qg5 28. Qc1 Qxc1+ 29. Rxc1 Bh6 30. Rc7 Be3+ 31. Kf1 b5 32. Be6+ Kh8 33. Nxe5 Rxg3 34. Nf7+ Kg7 35. hxg3 Kf6 36. Nxd6 Ke5 37. Nf5 1-0

[Event "Carnaval"]
[Site "Quebec CAN"]
[Date "2026.02.20"]
[Round "1"]
[White "Voisin, Antoine"]
[Black "Iordanescu, Victor Nicolae"]
[Result "0-1"]
[ECO "B20"]
[WhiteElo "1645"]
[BlackElo "1992"]
[WhiteFideId "-1"]
[BlackFideId "-1"]
[PlyCount "150"]
[GameId "2286552151506968"]
[EventDate "2026.02.20"]
[EventType "swiss"]
[EventRounds "5"]
[EventCountry "CAN"]
[TimeControl "5400+30"]

1. e4 c5 2. a3 g6 3. Nc3 Bg7 4. Bc4 Nc6 5. Nf3 e6 6. O-O Nge7 7. d3 O-O 8. Bg5 a6 9. Qd2 b5 10. Ba2 Bb7 11. Bh6 Nd4 12. Nxd4 cxd4 13. Bxg7 Kxg7 14. Ne2 Qb6 15. Qb4 Nc6 16. Qd6 Rac8 17. Rac1 Qc7 18. Qxc7 Rxc7 19. f4 f5 20. e5 h6 21. Kf2 g5 22. g3 Kf7 23. h4 Rg8 24. Rg1 d6 25. exd6 Rd7 26. hxg5 hxg5 27. fxg5 Rxd6 28. Nf4 Ne5 29. Rce1 Ng4+ 30. Ke2 Rxg5 31. Kd2 Ne3 32. c3 Nd5 33. cxd4 Kf6 34. Nxd5+ Bxd5 35. Bxd5 Rxd5 36. Re3 Rxd4 37. Rge1 Rd6 38. Kc3 Rc6+ 39. Kb3 Rg4 40. R1e2 e5 41. Rh2 Rg6 42. Rh5 Re6 43. Rf3 Rg5 44. Rh6+ Ke7 45. Rh7+ Kd6 46. Ra7 Kd5 47. Rf7 Reg6 48. R7xf5 Rxf5 49. Rxf5 Rxg3 50. Kc2 Kd4 51. Rh5 Rg2+ 52. Kb1 Rd2 53. Rh4+ Kxd3 54. Kc1 Rc2+ 55. Kb1 Rg2 56. Rh3+ Kd4 57. Rh8 e4 58. Rd8+ Ke3 59. Kc1 Rg6 60. Re8 Kd3 61. Rd8+ Ke2 62. Rd2+ Kf3 63. Rd8 e3 64. Rf8+ Ke2 65. Rc8 Ke1 66. Kc2 e2 67. Rc7 Rg4 68. Rh7 Kf2 69. Rf7+ Ke3 70. Re7+ Re4 71. Rxe4+ Kxe4 72. Kd2 Kf3 73. Ke1 Ke3 74. b3 Kd3 75. a4 bxa4 0-1

[Event "Carnaval"]
[Site "Quebec CAN"]
[Date "2026.02.20"]
[Round "1"]
[White "Bourassa, Samuel"]
[Black "Lapalme, Gabriel"]
[Result "1-0"]
[ECO "B11"]
[WhiteElo "1992"]
[BlackElo "1530"]
[WhiteFideId "-1"]
[BlackFideId "-1"]
[PlyCount "85"]
[GameId "2286552151506969"]
[EventDate "2026.02.20"]
[EventType "swiss"]
[EventRounds "5"]
[EventCountry "CAN"]
[TimeControl "5400+30"]

1. e4 c6 2. Nc3 d5 3. Nf3 dxe4 4. Nxe4 Bf5 5. Ng3 Bg6 6. h4 h6 7. Ne5 Bh7 8. Qh5 g6 9. Bc4 e6 10. Qe2 Qe7 11. d4 Bg7 12. Be3 Nd7 13. Nxd7 Qxd7 14. Ne4 b6 15. Bf4 Nf6 16. Nd6+ Ke7 17. O-O-O Rhd8 18. g4 Nd5 19. Bg3 f6 20. Rhe1 Bg8 21. h5 g5 22. Qe4 Kf8 23. Qf3 b5 24. Bd3 Nb4 25. a3 Nxd3+ 26. Rxd3 a5 27. Qe4 a4 28. c3 Ra7 29. Rf3 Qe7 30. Qxc6 Rc7 31. Qb6 Qd7 32. Nxb5 Rc6 33. Qa5 Qd5 34. Rfe3 Rcc8 35. Qb4+ Ke8 36. Nd6+ Rxd6 37. Qxd6 Qb7 38. Rxe6+ Bxe6 39. Qxe6+ Kf8 40. Bd6+ Qe7 41. Bxe7+ Ke8 42. Bd6+ Kd8 43. Qe7# 1-0

[Event "Carnaval"]
[Site "Quebec CAN"]
[Date "2026.02.20"]
[Round "1"]
[White "Lorge, Edouard"]
[Black "Page-Fortin, Mathieu"]
[Result "0-1"]
[ECO "A90"]
[WhiteElo "1495"]
[BlackElo "1954"]
[WhiteFideId "-1"]
[BlackFideId "-1"]
[PlyCount "46"]
[GameId "2286552151511066"]
[EventDate "2026.02.20"]
[EventType "swiss"]
[EventRounds "5"]
[EventCountry "CAN"]
[TimeControl "5400+30"]

1. d4 e6 2. Nf3 f5 3. c4 Nf6 4. g3 d5 5. Bg2 c6 6. O-O Bd6 7. Nc3 Nbd7 8. Qc2 Ne4 9. Nd2 Nxd2 10. Bxd2 O-O 11. f3 f4 12. gxf4 Bxf4 13. Bxf4 Rxf4 14. e4 Nb6 15. Ne2 Rh4 16. b3 Qc7 17. e5 dxc4 18. bxc4 c5 19. f4 cxd4 20. Nxd4 Bd7 21. Rac1 Rf8 22. Qe4 g5 23. Qxb7 Qc5 0-1

[Event "Carnaval"]
[Site "Quebec CAN"]
[Date "2026.02.20"]
[Round "1"]
[White "Turcotte, Jonathan"]
[Black "Shi, Evan"]
[Result "1-0"]
[ECO "A42"]
[WhiteElo "1971"]
[BlackElo "1709"]
[WhiteFideId "-1"]
[BlackFideId "-1"]
[PlyCount "49"]
[GameId "2286552151515163"]
[EventDate "2026.02.20"]
[EventType "swiss"]
[EventRounds "5"]
[EventCountry "CAN"]
[TimeControl "5400+30"]

1. d4 g6 2. c4 Bg7 3. e4 d6 4. Nc3 e6 5. Nf3 h6 6. Be2 Ne7 7. Be3 b6 8. Qd2 Bb7 9. h4 f5 10. Bd3 e5 11. dxe5 dxe5 12. Qc2 f4 13. Bd2 Na6 14. a3 Nc5 15. Be2 Nc6 16. O-O-O Qc8 17. Nd5 Ne6 18. Bc3 Ncd4 19. Bxd4 exd4 20. e5 Nf8 21. Bd3 Kf7 22. h5 g5 23. e6+ Nxe6 24. Bg6+ Kf8 25. Qf5+ 1-0

[Event "Carnaval"]
[Site "Quebec CAN"]
[Date "2026.02.20"]
[Round "1"]
[White "Bergeron, Nicolas"]
[Black "Morin-Pare, Victor"]
[Result "1/2-1/2"]
[ECO "E01"]
[WhiteElo "1703"]
[BlackElo "1958"]
[WhiteFideId "-1"]
[BlackFideId "-1"]
[PlyCount "74"]
[GameId "2286552151515164"]
[EventDate "2026.02.20"]
[EventType "swiss"]
[EventRounds "5"]
[EventCountry "CAN"]
[TimeControl "5400+30"]

1. d4 Nf6 2. c4 e6 3. g3 d5 4. Bg2 c6 5. Nf3 Bd6 6. O-O O-O 7. Qc2 Nbd7 8. b3 Re8 9. Bb2 Qc7 10. Nbd2 b6 11. Rfe1 Bb7 12. e4 dxe4 13. Ng5 c5 14. Ngxe4 Nxe4 15. Nxe4 Be7 16. Rad1 Rad8 17. f4 Nf6 18. dxc5 Nxe4 19. Rxd8 Rxd8 20. Bxe4 Bxe4 21. Rxe4 Bxc5+ 22. Kf1 Qd7 23. Bc3 Qd3+ 24. Qxd3 Rxd3 25. Be1 Kf8 26. Ke2 Rd4 27. Rxd4 Bxd4 28. Kd3 Bf6 29. b4 Ke7 30. c5 bxc5 31. bxc5 Kd7 32. Kc4 Kc6 33. Bf2 Be7 34. Be3 h5 35. h3 a6 36. Bd4 g6 37. Be3 Bf8 1/2-1/2

[Event "Carnaval"]
[Site "Quebec CAN"]
[Date "2026.02.20"]
[Round "1"]
[White "Barrera, Eduardo"]
[Black "Samson, Alexandre"]
[Result "1-0"]
[ECO "C54"]
[WhiteElo "1950"]
[BlackElo "1702"]
[WhiteFideId "-1"]
[BlackFideId "-1"]
[PlyCount "57"]
[GameId "2286552151519261"]
[EventDate "2026.02.20"]
[EventType "swiss"]
[EventRounds "5"]
[EventCountry "CAN"]
[TimeControl "5400+30"]

1. e4 e5 2. Nf3 Nc6 3. Bc4 Nf6 4. d3 Bc5 5. c3 d6 6. O-O Bg4 7. Nbd2 Ne7 8. Qb3 O-O 9. Qxb7 Bb6 10. Qa6 Ng6 11. Qa4 Nf4 12. Qb3 Qc8 13. d4 Nxg2 14. Kxg2 Bh3+ 15. Kh1 Bxf1 16. Bxf1 exd4 17. cxd4 Qb7 18. Bd3 Rfe8 19. Qc2 c5 20. d5 Qd7 21. Nc4 Qg4 22. Nfd2 Qh4 23. f3 Bc7 24. Nf1 h6 25. Be3 Rab8 26. Ng3 Rb4 27. a3 Rb7 28. Qg2 Reb8 29. Nf5 1-0

[Event "Carnaval"]
[Site "Quebec CAN"]
[Date "2026.02.20"]
[Round "1"]
[White "Cossette, Daniel"]
[Black "Pregent, Daniel"]
[Result "1-0"]
[ECO "B30"]
[WhiteElo "1883"]
[BlackElo "1690"]
[WhiteFideId "-1"]
[BlackFideId "-1"]
[PlyCount "119"]
[GameId "2286552151523358"]
[EventDate "2026.02.20"]
[EventType "swiss"]
[EventRounds "5"]
[EventCountry "CAN"]
[TimeControl "5400+30"]

1. e4 c5 2. Nf3 Nc6 3. b4 e6 4. bxc5 Bxc5 5. d4 Bb6 6. Bb2 d5 7. e5 Nge7 8. Bd3 Bd7 9. Nbd2 Nb4 10. Be2 Ba4 11. Nb3 Rc8 12. c3 Nbc6 13. Qd2 Ng6 14. h4 Na5 15. Nxa5 Bxa5 16. h5 Ne7 17. Rc1 Rc7 18. Rh3 Qc8 19. g4 b5 20. a3 f6 21. h6 fxe5 22. Nxe5 g6 23. Rf3 Nc6 24. Qf4 Nxe5 25. Qxe5 Kd7 26. Rf7+ Kc6 27. Rf6 Re7 28. g5 Bc7 29. Qe3 Rf8 30. Bg4 Rfe8 31. Qf3 Qd7 32. c4 Kb7 33. c5 Kb8 34. Kf1 b4 35. axb4 Qb5+ 36. Kg1 Qxb4 37. Qh3 a5 38. Ra1 Bd7 39. f4 Qb5 40. Bd1 e5 41. fxe5 Bf5 42. Qb3 Qxb3 43. Bxb3 Bd8 44. Bc3 Be4 45. Bxa5 Ra7 46. Bc3 Rxa1+ 47. Bxa1 Bxf6 48. gxf6 Kc7 49. Bc3 Rb8 50. Ba5+ Kd7 51. Ba4+ Ke6 52. Bc7 Rb4 53. Be8 Rxd4 54. f7 Rd1+ 55. Kf2 Rd2+ 56. Ke1 Rh2 57. f8=Q Rh1+ 58. Kd2 Rh2+ 59. Kc3 Rh3+ 60. Kb4 1-0

[Event "Carnaval"]
[Site "Quebec CAN"]
[Date "2026.02.20"]
[Round "1"]
[White "Genest, Dominic"]
[Black "Cantin, Guillaume"]
[Result "0-1"]
[ECO "A38"]
[WhiteElo "1802"]
[BlackElo "1626"]
[WhiteFideId "-1"]
[BlackFideId "-1"]
[PlyCount "58"]
[GameId "2286552151527455"]
[EventDate "2026.02.20"]
[EventType "swiss"]
[EventRounds "5"]
[EventCountry "CAN"]
[TimeControl "5400+30"]

1. c4 Nf6 2. g3 c5 3. Nc3 Nc6 4. Bg2 g6 5. Nf3 Bg7 6. O-O O-O 7. a3 d6 8. d3 e6 9. Bg5 h6 10. Bd2 d5 11. Qc1 d4 12. Na4 Na5 13. Nxc5 Nd7 14. Bxa5 Qxa5 15. b4 Qc7 16. Nb3 e5 17. Ra2 Nb6 18. Nc5 a5 19. Rc2 axb4 20. axb4 Na4 21. Nxa4 Rxa4 22. b5 Bd7 23. Nd2 Rfa8 24. Nb3 Be6 25. Qb2 Qe7 26. Ra1 Qb4 27. Rb1 Ra3 28. Bxb7 R8a7 29. Bg2 Rxb3 0-1

[Event "Carnaval"]
[Site "Quebec CAN"]
[Date "2026.02.21"]
[Round "2"]
[White "Sambuev, Bator"]
[Black "Drolet, Louis-Charles"]
[Result "1-0"]
[ECO "D11"]
[WhiteElo "2536"]
[BlackElo "1992"]
[WhiteFideId "-1"]
[BlackFideId "-1"]
[PlyCount "57"]
[GameId "2286552151527456"]
[EventDate "2026.02.20"]
[EventType "swiss"]
[EventRounds "5"]
[EventCountry "CAN"]
[TimeControl "5400+30"]

1. d4 d5 2. c4 c6 3. Nf3 Nf6 4. e3 Bg4 5. Nc3 e6 6. h3 Bh5 7. g4 Bg6 8. Ne5 dxc4 9. Nxg6 hxg6 10. Bxc4 Nbd7 11. Qb3 Nb6 12. Be2 Qd7 13. a4 Nbd5 14. a5 Nxc3 15. bxc3 Qd5 16. Qxd5 exd5 17. Rb1 O-O-O 18. f3 Bd6 19. c4 a6 20. Kf2 g5 21. Bd2 Rde8 22. Rb3 Re7 23. Kg2 Rhe8 24. Rc1 Bb8 25. Bd3 g6 26. Bf1 Re6 27. h4 Rh8 28. Be1 gxh4 29. g5 1-0